cohdb
Replays
Latest Replays
All Replays
Popular Replays
Top Player Replays
Match Explorer
How It Works
Community
CoH3 Stats
Reddit
Sign in to upload your games and track your stats! →
Sign in with Steam
Match 45187850
Unlisted
Match 45187850
Overview
Messages
Build Orders
End
Construct Section Command Post
Vickers Machine Gun Team
Dingo Light Scout Car
Infantry Section
Infantry Section
Construct Platoon Command Post
Humber Armored Car
Selects Indian Artillery Battlegroup
Selects War Cry
Selects Towed ML 4.2-inch Heavy Mortar
Towed ML 4.2-inch Heavy Mortar
Infantry Section
Selects Gurkha Rifles Section
6-pounder Anti-tank Gun Team
Construct Company Command Post
Crusader II Medium Tank
Selects Pillage
Grenade Package
Crusader II Medium Tank
Selects Off-map Airburst Barrage
Gurkha Rifles Section
Crusader II Medium Tank
Royal Engineer Section
Selects Perimeter Monitor
CMP 15cwt Truck
Unlock M3 Grant Medium Tanks
Dusty
NotQuiteAKing
Alekel
PH0BB05
sunshine on leith
Arnie
Maniax
TacticalVanguard
0
0
Comments
sign in to comment!
No comments posted yet!